AoeStats
← MathLCN

Arena

506706568Analyzed
1v1 RM · 16d ago on Sep 14, 2026· 25m 38s· 2 players
Game mode
Random Map
Map size
Tiny (2 player)
Population
200
Speed
Normal
Resources
Standard
Victory
Conquest
Starting age
Dark Age
Ending age
Imperial Age
RankedLock teamsTeams togetherTeam positionsShared explorationLock speedFull tech treeHidden civsTurbo modeCheats
Victory
Defeat
🇪🇸 Chinese · Spain
268
+25
🇫🇷 Ethiopians · France
478
-25
SPS - G-Panzerknacker
3:45 Loom
12:39 Feudal Age
13:55 Wheelbarrow
13:12 Horse Collar
13:24 Double-Bit Axe
23:36 Castle Age
22:11 Town Watch
22:21 Fletching
23:01 Scale Barding Armor
23:01 Padded Archer Armor
23:05 Stone Mining
MathLCN
10:43 Feudal Age
13:14 Double-Bit Axe
14:36 Wheelbarrow
16:10 Horse Collar
18:50 Castle Age
17:16 Stone Mining
20:38 Bow Saw
23:20 Heavy Plow
24:49 Hand Cart
24:20 Town Watch
Connection lost

Rejoining the realm…

Still unreachable

The connection could not be restored.

Session expired

The server has moved on; the page needs a fresh start.